Map: Odyssey LE

Players

FisterRoboto

  • Race: Zerg Zerg
  • Spawn Location: 11:00

Beren - Winner!

  • Race: Protoss Protoss
  • League: Diamond
  • Spawn Location: 5:00

VOD

Have the link to the VOD?

Description

Time

  • Played on: Nov. 17, 2017, 8:50 p.m.
  • Length: 11:27
Show
View Real Time Build Order
Export as new Build Order

FisterRoboto Zerg 

Build Orders: Hatch First 

Get SALT Encoding   

  12  0:01  Drone  
  13  0:12  Overlord  
  13  0:17  Drone  
  14  0:31  Drone x2  
  16  0:37  Drone  
  17  0:57  Drone  
  17  1:00  Hatchery  
  17  1:06  Drone  
  18  1:11  Extractor  
  18  1:16  Spawning Pool  
  16  1:19  Drone  
  16  1:22  Drone  
  18  1:29  Drone  
  19  1:52  Hatchery  
  18  1:58  Drone  
  19  2:04  Drone x2  
  21  2:14  Queen  
  23  2:18  Zergling x4  
  25  2:24  Metabolic Boost  
  25  2:29  Zergling x2  
  26  2:35  Overlord  
  26  2:40  Drone  
  26  2:42  Drone  
  28  2:47  Overlord  
  28  2:54  Queen  
  28  2:57  Drone  
  31  3:00  Drone  
  32  3:13  Drone  
  32  3:14  Drone x3  
  36  3:20  Drone  
  36  3:21  Drone x2  
  36  3:23  Pneumatized Carapace  
  36  3:24  Zergling x4  
  36  3:27  Drone x2  
  42  3:33  Queen  
  45  3:35  Drone  
  46  3:44  Drone x3  
  46  3:45  Drone  
  46  3:46  Extractor  
  49  3:49  Drone  
  49  3:54  Overlord x2  
  49  4:08  Baneling Nest  
  48  4:10  Evolution Chamber, Drone x2  
  49  4:24  Spore Crawler  
  47  4:31  Drone x2  
  47  4:32  Drone x6  
  55  4:38  Drone  
  55  4:41  Queen  
  52  4:46  Spore Crawler  
  52  4:49  Queen  
  52  4:54  Spore Crawler x2  
  52  4:56  Drone  
  52  4:57  Drone x6  
  56  5:04  Extractor  
  55  5:08  Zerg Ground Armor Level 1  
  55  5:10  Queen  
  55  5:13  Drone x4  
  61  5:21  Lair  
  61  5:24  Queen  
  63  5:32  Zergling x4  
  63  5:34  Overlord x5  
  65  5:42  Hatchery  
  60  5:46  Queen  
  57  5:51  Zergling x16  
  62  6:02  Drone  
  62  6:03  Drone x2  
  63  6:08  Drone x3  
  66  6:26  Queen  
  66  6:28  Queen  
  70  6:41  Drone  
  70  6:43  Drone x2, Spire  
  70  6:44  Drone  
  73  6:49  Zergling x14  
  79  7:04  Drone  
  79  7:05  Drone x8  
  79  7:18  Drone x7  
  79  7:21  Spore Crawler  
  77  7:23  Spore Crawler, Queen x2  
  77  7:24  Queen  
  65  7:49  Drone x3  
  67  7:57  Mutalisk  
  67  7:58  Mutalisk x7  
  75  8:03  Hatchery  
  82  8:07  Drone  
  82  8:08  Drone x4  
  87  8:21  Extractor  
  87  8:24  Queen x3  
  87  8:26  Extractor  
  91  8:40  Mutalisk x5  
  101  8:45  Drone x4  
  105  8:52  Spore Crawler  
  104  8:55  Hatchery  
  104  8:59  Mutalisk  
  105  9:11  Overlord  
  105  9:12  Overlord x4  
  105  9:16  Mutalisk x3  
  111  9:25  Overlord x5  
  111  9:36  Drone  
  111  9:37  Drone x6  
  118  9:38  Queen  
  118  9:39  Extractor  
  118  9:40  Extractor  
  116  9:47  Zergling x6  
  116  9:50  Zergling x4  
  121  9:58  Zergling x6  
  124  10:07  Centrifical Hooks  
  124  10:09  Zergling x10  
  129  10:19  Zergling x2  
  129  10:21  Drone x5  
  135  10:27  Drone x4  
  135  10:28  Drone  
  140  10:29  Drone  
  140  10:31  Spore Crawler  
  140  10:34  Spore Crawler x2  
  135  10:36  Zergling x10  
  135  10:41  Zergling x8  
  139  10:50  Zergling x10  
  139  10:55  Zergling x8  
Show
View Real Time Build Order
Export as new Build Order

Beren Protoss - Winner!

Build Orders: Oracle Opening 

Get SALT Encoding   

  12  0:02  Probe  
  13  0:14  Probe  
  14  0:23  Pylon  
  14  0:26  Probe  
  15  0:41  Gateway, Probe  
  16  0:53  Probe  
  17  1:03  Assimilator  
  17  1:05  Probe (Chrono Boost)  
  18  1:17  Probe (Chrono Boost)  
  19  1:19  Probe  
  20  1:31  Probe  
  20  1:43  Probe  
  20  1:45  Nexus  
  21  1:48  Cybernetics Core  
  21  1:54  Pylon  
  21  2:00  Assimilator  
  21  2:01  Probe  
  22  2:13  Gateway  
  22  2:17  Probe  
  23  2:22  Pylon  
  23  2:29  Adept  
  25  2:41  Stargate  
  25  2:53  Probe  
  25  2:56  Adept  
  28  3:06  Probe x2  
  28  3:10  Shield Battery  
  32  3:15  Shield Battery  
  32  3:24  Oracle (Chrono Boost)  
  35  3:31  Probe x2  
  35  3:41  Pylon  
  35  3:45  Probe x2  
  35  3:46  Oracle (Chrono Boost)  
  40  3:57  Probe x2  
  40  3:59  Assimilator  
  42  4:03  Shield Battery  
  42  4:06  Oracle (Chrono Boost)  
  42  4:09  Probe x2  
  47  4:14  Stalker  
  49  4:21  Probe x2  
  51  4:24  Assimilator  
  51  4:33  Probe x2  
  51  4:36  Oracle (Chrono Boost)  
  57  4:45  Probe x2  
  58  4:57  Probe  
  59  5:03  Pylon  
  59  5:04  Oracle (Chrono Boost)  
  59  5:05  Pylon  
  62  5:13  Pylon  
  62  5:15  Pylon  
  62  5:20  Warp Gate (Chrono Boost)  
  62  5:21  Probe x2  
  64  5:26  Stargate  
  64  5:29  Gateway  
  64  5:31  Gateway  
  64  5:33  Probe x2  
  64  5:35  Oracle  
  69  5:45  Probe x2  
  71  5:57  Probe x2  
  70  6:09  Forge, Probe x2  
  70  6:10  Oracle (Chrono Boost)  
  75  6:14  Oracle (Chrono Boost)  
  78  6:21  Probe x2  
  80  6:28  Zealot  
  80  6:29  Zealot  
  80  6:30  Zealot x2  
  88  6:33  Probe  
  88  6:36  Oracle  
  92  6:51  Pylon  
  92  6:52  Pylon  
  92  6:55  Oracle  
  91  7:12  Oracle  
  91  7:19  Zealot x4  
  93  7:30  Oracle  
  94  7:43  Pylon  
  94  7:45  Pylon  
  94  7:47  Pylon  
  94  7:49  Pylon  
  94  7:51  Pylon  
  94  7:53  Gateway  
  94  7:54  Gateway  
  94  7:57  Twilight Council  
  94  8:00  Oracle  
  94  8:01  Probe x2  
  94  8:02  Adept  
  94  8:04  Adept x2  
  94  8:05  Adept  
  107  8:08  Nexus  
  107  8:11  Pylon  
  107  8:14  Pylon  
  107  8:15  Probe  
  107  8:16  Probe, Pylon  
  109  8:21  Protoss Ground Weapons Level 1 (Chrono Boost)  
  109  8:28  Probe  
  109  8:33  Photon Cannon  
  110  8:35  Photon Cannon  
  110  8:36  Assimilator  
  110  8:38  Assimilator  
  110  8:39  Shield Battery  
  110  8:43  Photon Cannon  
  110  8:46  Blink (Chrono Boost)  
  110  8:53  Gateway  
  110  8:55  Gateway  
  110  9:00  Stalker  
  110  9:01  Stalker x2  
  116  9:10  Stalker  
  116  9:11  Stalker  
  116  9:12  Stalker  
  119  9:29  Stalker x3  
  125  9:38  Photon Cannon  
  125  9:40  Photon Cannon  
  125  9:44  Photon Cannon  
  125  9:48  Stalker  
  125  9:49  Stalker x2  
  131  9:56  Probe x2  
  131  9:57  Probe  
  134  10:04  Photon Cannon  
  134  10:07  Photon Cannon, Shield Battery  
  134  10:08  Photon Cannon  
  134  10:12  Photon Cannon  
  134  10:18  Probe  
  134  10:20  Stalker  
  134  10:21  Stalker x2  
  141  10:34  Templar Archives  
  141  10:37  Pylon  
  141  10:41  Stalker  
  141  10:42  Stalker x4  
  151  10:53  Stalker x3  
  157  11:10  Stalker x4  
  157  11:11  Stalker  
  142  11:21  Stalker x3  
Tags
 
Add a new tag
Caveats
  • Supply blocks, unpowered buildings, or Contaminate may cause inaccurate times.
  • Supply counts are checked every 10 seconds.